 Dungeon Crawl Stone Soup version 0.18-b1-10-g3f7de93 (webtiles) character file.

78 Inkary the Ducker (level 4, -1/44 HPs)
             Began as a Troll Fighter on Apr 29, 2016.
             Killed by divine providence
             ... invoked by an orc priest
              (13 damage)
             ... on level 3 of the Dungeon.
             The game lasted 00:04:18 (1883 turns).

Inkary the Ducker (Troll Fighter)                   Turns: 1883, Time: 00:04:19

Health: -1/44      AC:  5    Str: 29    XL:     4   Next: 15%
Magic:  3/3        EV:  8    Int:  4    God:
Gold:   99         SH:  9    Dex: 10    Spells: 0 memorised, 3 levels left

rFire  . . .     SeeInvis .       - Unarmed
rCold  . . .     Gourm    +     a - +0 robe
rNeg   . . .     Faith    .     b - +0 shield
rPois  .         Spirit   .     (helmet restricted)
rElec  .         Dismiss  .     (no cloak)
rCorr  .         Reflect  .     (gloves unavailable)
SustAt .         Harm     .     (boots unavailable)
MR     .....                    (no amulet)
Stlth  +.........               (no ring)
                                (no ring)

@: mighty, lethally poisoned (-1 -> -1), not resistant to hostile enchantments,
very unstealthy
A: unfitting armour, claws 3, fast metabolism 3, gourmand, regeneration 2,
shaggy fur 1, tough skin 2
a: no special abilities


You were on level 3 of the Dungeon.
You were not hungry.

You visited 1 branch of the dungeon, and saw 3 of its levels.

You collected 99 gold pieces.

Inventory:

Armour
 a - a +0 robe (worn)
 b - a +0 shield (worn)
Jewellery
 s - an uncursed ring of stealth {unknown}
Scrolls
 e - 3 scrolls of remove curse {unknown}
 f - 4 scrolls of identify {unknown}
 g - a scroll of magic mapping {unknown}
 k - a scroll of teleportation {unknown}
 q - a scroll of blinking {unknown}
Potions
 h - a potion of magic {unknown}
 i - a potion of curing
 j - a potion of agility {unknown}
 l - a potion of lignification {unknown}
 m - 4 potions of degeneration {unknown}
 n - a potion of cure mutation {unknown}
 o - a potion of flight {unknown}
 r - a potion of brilliance {unknown}
 t - a potion of haste {unknown}
Comestibles
 d - 3 bread rations
 p - a meat ration


   Skills:
 + Level 2.8 Fighting
 + Level 3.0 Dodging
 + Level 3.0 Shields
 + Level 2.6 Unarmed Combat


You had 3 spell levels left.
You didn't know any spells.

Dungeon Overview and Level Annotations

Branches:
Dungeon (3/15)

Altars:
Elyvilon
Nemelex Xobeh

Annotations:
D:3 dobroeutro's ghost, amateur GrFi


Innate Abilities, Weirdness & Mutations

You are too large for most types of armour.
You have claws for hands.
Your metabolism is lightning-fast.
You like to eat raw meat.
You heal very quickly.
You are covered in fur (AC +1).
You have very tough skin (AC +2).


Message History

Eat which item? (? for menu, Esc to quit)
Okay, then.
Drink which item? (? for menu, Esc to quit)
It was a potion of curing.
You feel better. The adder bites you.
* * * LOW HITPOINT WARNING * * *
You are poisoned.
The adder poisons you!
Drink which item? (? for menu, Esc to quit)
You feel very mighty all of a sudden.
You feel sick. You block the adder's attack.
The adder bites you but does no damage.
You are too injured to fight recklessly!
You are too injured to fight recklessly!
You are too injured to fight recklessly!
You claw the adder!
You kill the adder!
Your Shields skill increases to level 3!
The orc priest calls down the wrath of Beogh upon you.
Beogh smites you!
You die...

#........#
######.########
#......#
#.###..# %. #..#
#.# #.#.#..# #.#
#......## #$#
###.#.#.###.# #
#..###@##.# .##
#.#
##†#.#####....
..#
##l#.......).
.##
#.oo..#.?.... .
#.⌠.o#.W......
#..._(..#......
#.##⌠)⌠.........
## #.(######...#
#.## ####


You could see an orc priest, 2 orcs and a giant gecko.

Vanquished Creatures
  3 adders
  2 ball pythons
  2 giant cockroaches
  3 goblins
  4 hobgoblins
  4 jackals (D:1)
  9 kobolds
  8 bats
  5 giant newts
  14 rats
54 creatures vanquished.

Notes
Turn   | Place    | Note
--------------------------------------------------------------
     0 | D:1      | Inkary the Troll Fighter began the quest for the Orb.
     0 | D:1      | Reached XP level 1. HP: 22/22 MP: 0/0
    64 | D:1      | Reached XP level 2. HP: 29/29 MP: 1/1
   559 | D:1      | Reached XP level 3. HP: 36/36 MP: 2/2
  1804 | D:3      | Found a white marble altar of Elyvilon.
  1833 | D:3      | Reached XP level 4. HP: 44/44 MP: 3/3
  1869 | D:3      | Found a sparkling altar of Nemelex Xobeh.
  1873 | D:3      | Noticed dobroeutro's ghost (amateur GrFi)
  1883 | D:3      | Killed from afar by an orc priest

Skill      XL: |  1  2  3  4 |
---------------+-------------+-----
Dodging        | 3 |  3.0
Shields        | 3 |  3.0
Fighting       | |  2.8
Unarmed Combat | |  2.6

Action                   |  1- 3 |  4- 6 || total
-------------------------+-------+-------++-------
Melee: Unarmed           |   160 |     5 ||   165
  Use: Potion            |       |     2 ||     2
 Stab: Sleeping          |     1 |       ||     1
  Eat: Bread ration      |     1 |       ||     1
       Chunk             |    10 |     2 ||    12
Armor: Robe              |    68 |     2 ||    70
Dodge: Dodged            |    48 |     1 ||    49
Block: Shield            |    61 |     4 ||    65
